Map: Pylon LE

Players

Bruce - Winner!

  • Race: Terran Terran
  • League: Master
  • Spawn Location: 5:00

ManlyManMeat

  • Race: Zerg Zerg
  • League: Diamond
  • Spawn Location: 11:00

VOD

Have the link to the VOD?

Description

Time

  • Played on: July 5, 2025, 8:27 a.m.
  • Length: 10:54
Show
View Real Time Build Order
Export as new Build Order

Bruce Terran - Winner!

Build Orders:  

Get SALT Encoding   

  12  0:03  SCV  
  13  0:18  SCV  
  14  0:23  Supply Depot  
  14  0:28  Refinery  
  14  0:30  SCV  
  15  0:45  SCV  
  15  0:47  Barracks  
  17  0:57  SCV  
  17  1:09  SCV  
  18  1:21  SCV  
  19  1:33  SCV  
  19  1:35  Reaper  
  21  1:41  Command Center  
  21  1:51  Factory  
  21  2:01  Orbital Command  
  21  2:09  Barracks Reactor  
  21  2:13  Refinery  
  21  2:19  Supply Depot  
  21  2:31  SCV  
  22  2:43  SCV  
  23  2:55  Barracks  
  23  2:57  Hellion  
  23  2:58  Hellion  
  27  3:00  SCV  
  27  3:04  Barracks Tech Lab, Orbital Command  
  28  3:16  SCV  
  31  3:20  Hellion x2  
  32  3:27  Stimpack  
  32  3:28  SCV  
  32  3:29  Marine  
  34  3:34  SCV  
  34  3:40  Starport  
  35  3:46  SCV  
  36  3:53  Supply Depot  
  36  3:55  SCV  
  36  3:56  Supply Depot  
  36  3:57  Marine  
  36  3:58  SCV, Marine  
  36  4:02  Marine  
  41  4:08  SCV  
  42  4:10  SCV  
  43  4:20  SCV  
  43  4:23  SCV, Engineering Bay  
  37  4:27  Engineering Bay, Marine x3  
  37  4:28  Starport Reactor  
  40  4:31  Widow Mine  
  40  4:32  SCV  
  43  4:41  Supply Depot  
  43  4:44  SCV x2  
  45  4:53  Terran Infantry Armor Level 1, Terran Infantry Weapons Level 1  
  45  4:59  Widow Mine  
  47  5:00  Marine x3  
  50  5:08  SCV x2  
  50  5:11  Medivac x2  
  50  5:12  Combat Shield  
  56  5:15  Refinery  
  56  5:20  Factory Tech Lab  
  56  5:24  SCV x2  
  56  5:27  Marine x2  
  56  5:28  Marine  
  61  5:29  Command Center  
  61  5:35  Refinery  
  61  5:37  Armory  
  61  5:39  SCV x2  
  63  5:57  Marine x2  
  63  5:59  Marine  
  66  6:09  Siege Tank  
  66  6:11  SCV  
  70  6:14  Supply Depot  
  70  6:17  Supply Depot, SCV, Medivac x2, Marine x3  
  70  6:18  Supply Depot  
  78  6:35  Marine x3  
  75  6:51  Terran Infantry Weapons Level 2  
  75  6:52  Terran Infantry Armor Level 2  
  75  6:53  Marine x3  
  75  7:08  Orbital Command  
  75  7:11  Marauder, Marine x2  
  79  7:15  Barracks  
  79  7:19  Barracks, SCV  
  80  7:26  Siege Tank  
  80  7:27  Medivac x2  
  80  7:28  Marine x2  
  89  7:32  Marine  
  90  7:46  Marine  
  90  7:47  SCV  
  90  7:48  SCV  
  90  7:50  Marine  
  90  7:51  Marauder  
  96  7:53  Terran Vehicle Weapons Level 1  
  96  7:55  Armory  
  94  8:16  Marine x2  
  94  8:17  Marauder  
  98  8:22  Orbital Command  
  98  8:32  Siege Tank  
  101  8:40  Supply Depot x3  
  101  8:41  Supply Depot  
  101  8:49  Marine  
  101  8:57  SCV  
  101  8:59  Marine  
  101  9:01  SCV  
  101  9:02  Marauder  
  102  9:06  Marine  
  102  9:08  Barracks Tech Lab  
  91  9:14  Barracks Reactor  
  88  9:17  Marine  
  88  9:22  Liberator x2, Siege Tank  
  88  9:23  Marine  
  99  9:24  Refinery  
  99  9:28  Refinery, Concussive Shells  
  99  9:30  Marauder  
  101  9:37  SCV x3  
  104  9:41  Marauder  
  105  9:56  Marine x2  
  105  9:57  Marauder  
  97  10:06  SCV x3  
  96  10:08  Liberator x2  
  96  10:09  Siege Tank  
  96  10:10  Marine x3  
  108  10:18  Marauder  
  110  10:22  Marine x2  
  114  10:28  Marauder  
  114  10:33  SCV x3  
  114  10:35  Factory  
  117  10:39  Sensor Tower  
Show
View Real Time Build Order
Export as new Build Order

ManlyManMeat Zerg 

Build Orders: Hatch First 

Get SALT Encoding   

  12  0:00  Drone  
  13  0:08  Drone  
  14  0:14  Extractor  
  14  0:16  Drone  
  15  0:28  Overlord  
  15  0:46  Hatchery  
  15  0:47  Drone  
  15  0:50  Drone  
  15  0:54  Drone  
  17  0:58  Drone  
  18  1:08  Extractor  
  17  1:14  Spawning Pool  
  17  1:16  Drone  
  17  1:21  Drone  
  18  1:31  Drone  
  19  1:40  Drone  
  20  2:01  Queen x2  
  22  2:02  Zergling x4  
  22  2:06  Overlord  
  26  2:12  Metabolic Boost  
  26  2:15  Drone  
  26  2:18  Drone  
  28  2:26  Drone x2  
  30  2:34  Drone  
  31  2:50  Hatchery  
  30  2:53  Drone x4  
  34  3:03  Drone x2  
  36  3:21  Overlord x4  
  36  3:28  Overlord  
  36  3:29  Overlord  
  36  3:42  Drone x2  
  36  3:44  Drone x2  
  39  3:56  Zergling x4  
  41  4:12  Zergling x12  
  37  4:21  Drone x5  
  37  4:24  Queen  
  41  4:27  Queen  
  47  4:32  Drone x3  
  50  4:40  Lair, Baneling Nest  
  50  4:42  Drone  
  50  4:43  Drone  
  50  4:44  Evolution Chamber  
  48  4:46  Drone x2  
  50  4:57  Drone  
  50  4:59  Drone x5  
  56  5:12  Zerg Melee Weapons Level 1  
  56  5:17  Evolution Chamber  
  56  5:19  Hatchery  
  54  5:24  Drone x2, Extractor  
  54  5:25  Drone, Extractor  
  54  5:26  Drone x3, Extractor  
  57  5:37  Drone x2  
  57  5:38  Drone x5  
  64  6:05  Centrifugal Hooks, Zerg Ground Armor Level 1  
  64  6:06  Zergling x20  
  64  6:07  Zergling x6  
  77  6:20  Drone x2  
  77  6:21  Drone  
  77  6:24  Baneling x7  
  73  6:48  Drone x2  
  73  6:49  Drone x9  
  84  7:04  Infestation Pit  
  83  7:11  Overlord x2  
  83  7:12  Overlord x2  
  83  7:13  Drone x2  
  83  7:14  Drone x2, Overlord x2  
  87  7:29  Queen  
  89  7:34  Zergling x22  
  89  7:35  Zergling x6  
  103  7:40  Hatchery  
  103  7:41  Zerg Melee Weapons Level 2  
  103  7:42  Hatchery  
  103  7:43  Drone x2  
  91  8:22  Zergling x36  
  91  8:26  Zergling x2  
  106  8:28  Zerg Ground Armor Level 2  
  106  8:36  Baneling  
  106  8:37  Baneling x11  
  106  8:41  Zergling x14  
  104  9:00  Zergling x18  
  104  9:01  Zergling x6  
  102  9:11  Drone  
  102  9:12  Drone x8  
  110  9:21  Spire  
  110  9:22  Hatchery  
  108  9:29  Baneling x19  
  107  9:46  Hatchery  
  90  9:58  Zergling x26  
  83  10:01  Zergling x6  
  83  10:03  Queen  
  83  10:05  Queen  
  83  10:06  Queen  
  85  10:19  Zergling x10  
  90  10:26  Baneling x12  
Tags
 
Matchup
TvZ
Spawn Locations
Cross Positions
Add a new tag
Caveats
  • Supply blocks, unpowered buildings, or Contaminate may cause inaccurate times.
  • Supply counts are checked every 10 seconds.